 Dungeon Crawl Stone Soup version 0.30-a0-711-gf4ac18a38d (webtiles) character file.

Game seed: 6907286539951346535

8290 NinjaNoafa the Thaumaturge (level 11, 0/85 HPs)
             Began as a Djinni Summoner on Jan 22, 2023.
             Was a Believer of Ashenzari.
             Killed from afar by an acid dragon (27 damage)
             ... with a splash of acid
             ... on level 10 of the Dungeon on Jan 23, 2023.
             The game lasted 00:34:34 (11300 turns).

NinjaNoafa the Thaumaturge (Djinni Summoner)       Turns: 11300, Time: 00:34:35

Health: 0/85       AC:  4    Str:  7    XL:     11   Next: 53%
Gold:   603        EV: 13    Int: 20    God:    Ashenzari [**....] SH: 10 Dex: 15

rFire   + . .      SeeInvis +    c - +1 short sword (heavy)
rCold   + . .      Faith    .    B - +0 kite shield
rNeg    . . .      Spirit   .    G - +2 robe "Burden of Ashenzari" {Archmagi, Evo, Self} (curse)
rPois   ∞          Reflect  .    w - +0 helmet of the Chained Sage {Evo, Self} (curse)
rElec   .          Harm     .    x - +0 cloak
rCorr   .          Rampage  .    v - +0 pair of gloves of the Unmoving One {Fort, Self} (curse)
Will    +....      Archmagi +    (boots unavailable)
Stlth   ++                       (no amulet)
HPRegen 0.34/turn                d - ring of protection from cold
MPRegen 0.00/turn                I - ring of ice

@: corroded, flying
A: sickness immunity, fire resistance 2, cold vulnerability 1, float, innate
caster, HP casting, extra vitality 1
a: Renounce Religion, Shatter the Chains


You were on level 10 of the Dungeon.
You worshipped Ashenzari.
Ashenzari was pleased with you.
You visited 2 branches of the dungeon, and saw 11 of its levels.

You collected 603 gold pieces.

Inventory:

Hand Weapons
 c - a +1 heavy short sword (weapon)
Missiles
 o - 5 atropa-tipped darts
 q - 6 boomerangs
 D - 6 poisoned darts
 F - a curare-tipped dart
Armour
 v - the cursed +0 pair of gloves of the Unmoving One (worn) {Fort, Self}
   (You found it on level 4 of the Dungeon)

   It has a curse which improves the following skills: Fortitude: Armour and
   Shields.
   Introspection: Fighting and Spellcasting.
 w - the cursed +0 helmet of the Chained Sage (worn) {Evo, Self}
   (You took it off Robin on level 2 of the Dungeon)

   It has a curse which improves the following skills: Evocations: Evocations.
   Introspection: Fighting and Spellcasting.
 x - a +0 cloak (worn)
 B - a +0 kite shield (worn)
 G - the cursed +2 robe "Burden of Ashenzari" (worn) {Archmagi, Evo, Self}
   (You took it off Psyche on level 9 of the Dungeon)

   It has a curse which improves the following skills: Evocations: Evocations.
   Introspection: Fighting and Spellcasting.
Jewellery
 d - a ring of protection from cold (left hand)
 I - a ring of ice (right hand)
Wands
 b - a wand of paralysis (8)
 H - a wand of flame (12)
Scrolls
 e - 4 scrolls of enchant weapon
 f - 2 scrolls of immolation
 i - a scroll of fog
 l - 2 scrolls of amnesia
 m - 3 scrolls of enchant armour
 n - a scroll of vulnerability
 r - 5 scrolls of teleportation
 s - 2 scrolls of poison
 t - a scroll of torment
 u - 3 scrolls of magic mapping
 y - a scroll of silence
 A - 2 scrolls of brand weapon
Potions
 a - 3 potions of cancellation
 g - a potion of mutation
 h - 2 potions of might
 j - 4 potions of heal wounds
 k - 11 potions of curing
 p - 3 potions of resistance
 z - a potion of lignification
 C - a potion of attraction
 E - 2 potions of berserk rage


   Skills:
 + Level 7.5(10.1) Fighting
 + Level 6.2(7.4) Armour
 + Level 6.6 Dodging
 - Level 1.5 Stealth
 + Level 4.6(5.8) Shields
 + Level 9.2(11.7) Spellcasting
 - Level 4.4(6.2) Evocations


You had 7 spell levels left.
You knew the following spells:

 Your Spells              Type           Power      Damage    Failure   Level
a - Summon Small Mammal   Summ           100%       N/A       1%          1
b - Call Imp              Summ           73%        N/A       1%          2
c - Call Canine Familiar  Summ           73%        N/A       1%          3
d - Summon Guardian Gole  Hex/Summ       73%        N/A       1%          3
e - Summon Lightning Spi  Summ/Air       73%        N/A       1%          4
f - Passwall              Tmut/Erth      60%        N/A       1%          2
g - Momentum Strike       Conj/Tloc      100%       3d10      1%          2
h - Hailstorm             Conj/Ice       93%        3d18      1%          3
i - Sting                 Tmut/Pois      100%       1d8       1%          1
j - Agony                 Necr           73%        N/A       3%          5
Your spell library was empty.

Dungeon Overview and Level Annotations

Branches:
Dungeon (10/15)            Temple (1/1) D:6
   Lair: D:8-11         Orc: D:9-12

Altars:
Ashenzari
Cheibriados
Dithmenos
Elyvilon
Fedhas
Gozag
Hepliaklqana
Makhleb
Nemelex Xobeh
Okawaru
Qazlal
Ru
Trog
Uskayaw
Wu Jian
Xom
Yredelemnul
Zin
The Shining One


Innate Abilities, Weirdness & Mutations

You are immune to sickness and miasma.
You are immune to poison.
Your flesh is very heat resistant. (rF++)
You are vulnerable to cold. (rC-)
You float through the air rather than walking.
You learn spells naturally, not from books.
Your magical power is your life essence.
You have superior vitality. (+4 MHP)


Message History

The splash of acid hits you! The acid corrodes you!
Casting: Hailstorm (safe; 1% risk of failure)
Confirm with . or Enter, or press ? or * to list all spells.
Casting: Hailstorm (safe; 1% risk of failure)
Press: ? - help, Dir - look around, f - activate You feel a strong surge of power!
A cannonade of hail descends around you!
The hail pelts the gnoll sergeant!!
You kill the gnoll sergeant!
The hail pelts the gnoll!!
You kill the gnoll!
The hail pelts the orc!!
You kill the orc!
The orc priest shouts!
Casting: Hailstorm (safe; 1% risk of failure)
Confirm with . or Enter, or press ? or * to list all spells.
You feel a surge of power!
An electric hum fills the air.
Your lightning spire shoots out a bolt of lightning at the gnoll!
The bolt of electricity hits the gnoll!
The gnoll dies!
The acid dragon spits acid at you. The splash of acid hits you!!
The acid corrodes you!
Casting: Summon Lightning Spire (mildly dangerous; 1% risk of failure)
Confirm with . or Enter, or press ? or * to list all spells.
Casting: Hailstorm (safe; 1% risk of failure)
Press: ? - help, Dir - look around, f - activate You feel a strong surge of power!
Really hailstorm near your lightning spire?
A cannonade of hail descends around you!
The hail pelts the acid dragon!
The acid dragon is heavily wounded.
The hail pelts your lightning spire!
Your lightning spire partially resists.
Your lightning spire is moderately damaged.
The hail pelts the gnoll!!
You kill the gnoll!
Your lightning spire disappears in a puff of smoke!
The acid dragon spits acid at you. The splash of acid hits you!!
You die...

, #.......... , ,
,#.......).#
,#.........#, *
,, ##........+, ,
#....."..#,, ,* ,
#.§......# , , ,
, , , #........#
, , , *
####........### *
,....o...@.......
,
,....)))...).<...
,
##..).....).....
, +....D....)....
, ,, ,, ,
,#..............
* ,
#...........?.. ,
#..............
..#########....,
, , * *


You could see an acid dragon (catching breath) and an orc priest.

Vanquished Creatures
  A two-headed ogre (D:5)
  Joseph (D:8)
  The ghost of AKA the Chopper, a novice HOFi (D:5)
  3 yaks
  A wyvern (D:8)
  4 water moccasins
  A sky beast (D:7)
  An orc warrior (D:8)
  6 centaurs
  A kobold brigand (D:8)
  2 gnoll sergeants
  3 bullfrogs
  2 necrophages
  2 scorpions (D:5)
  A crimson imp (D:7)
  2 jellies
  An orc priest (D:7)
  3 hounds
  An iguana (D:5)
  3 orc wizards
  Robin (D:2)
  5 adders
  7 gnolls
  A shadow imp (D:5)
  A white imp (D:7)
  A worm (D:5)
  3 dart slugs
  18 orcs
  8 goblins
  3 hobgoblins
  3 jackals (D:4)
  3 quokkas
  4 ball pythons
  4 kobolds
  7 rats
109 creatures vanquished.

Vanquished Creatures (collateral kills)
  Maurice (D:8)
  Psyche (D:9)
  A troll (D:8)
  2 wraiths (D:9)
  A wyvern (D:9)
  3 yaks (D:9)
  A steam dragon (D:8)
  2 ice beasts
  A sky beast (D:7)
  2 black bears
  An ogre (D:6)
  2 bullfrogs
  A gnoll sergeant (D:7)
  A necrophage (D:6)
  8 wights (D:8)
  3 howler monkeys
  3 killer bees (D:8)
  A hound (D:5)
  2 jellies (D:6)
  3 orc priests
  2 iguanas
  5 orc wizards
  An adder (D:4)
  5 gnolls
  A white imp (D:8)
  An ufetubus (D:5)
  A worm (D:3)
  A dart slug (D:2)
  27 orcs
  6 ball pythons
  5 endoplasms
  6 giant cockroaches
  11 goblins
  10 hobgoblins
  A quokka (D:5)
  9 bats
  4 frilled lizards
  4 kobolds
  5 rats
145 creatures vanquished.

Vanquished Creatures (others)
  A black bear (D:5)
  An ice beast (D:6)
  2 ogres
  A centaur (D:5)
  A scorpion (D:5)
  Crazy Yiuf (D:3)
  An orc wizard (D:8)
  15 fungi (D:6)
  A plant (D:6)
24 creatures vanquished.

Grand Total: 278 creatures vanquished

Notes
Turn   | Place    | Note
-------+----------+-------------------------------------------
     0 | D:1      | NinjaNoafa the Djinni Summoner began the quest for the Orb.
     0 | D:1      | NinjaNoafa set off with the following spells memorised:
                  | Summon Small Mammal, Call Imp, Call Canine Familiar, Summon
                  | Guardian Golem, Summon Lightning Spire.
     0 | D:1      | Reached XP level 1. HP: 15/15 MP: 0/0
   129 | D:1      | Reached XP level 2. HP: 20/21 MP: 0/0
   644 | D:1      | Reached XP level 3. HP: 22/25 MP: 0/0
   644 | D:1      | Learned a level 1 spell: Sting
   956 | D:2      | Reached skill level 4 in Spellcasting
  1165 | D:2      | Noticed Robin
  1183 | D:2      | HP: 1/25 [goblin/sling bullet[Robin] (5)]
  1304 | D:2      | Reached XP level 4. HP: 28/31 MP: 0/0
  2000 | D:3      | Noticed an ice beast
  2025 | D:3      | Killed an ice beast
  2026 | D:3      | Reached skill level 1 in Fighting
  2026 | D:3      | Reached skill level 1 in Armour
  2026 | D:3      | Reached XP level 5. HP: 36/37 MP: 0/0
  2026 | D:3      | Learned a level 2 spell: Momentum Strike
  2373 | D:3      | Reached XP level 6. HP: 41/43 MP: 0/0
  2470 | D:3      | Found a runed translucent door.
  2471 | D:3      | Noticed Crazy Yiuf
  2821 | D:4      | Found an iron altar of Okawaru.
  2910 | D:4      | Noticed a black bear
  2925 | D:4      | Killed a black bear
  3219 | D:4      | Found a sparkling altar of Nemelex Xobeh.
  3339 | D:4      | Reached XP level 7. HP: 42/49 MP: 0/0
  3339 | D:4      | Learned a level 2 spell: Passwall
  3744 | D:5      | Entered Level 5 of the Dungeon
  3897 | D:5      | Noticed a yak
  3898 | D:5      | Noticed a two-headed ogre
  3905 | D:5      | Killed a yak
  3905 | D:5      | Killed a two-headed ogre
  3906 | D:5      | Reached skill level 5 in Spellcasting
  3906 | D:5      | Reached skill level 6 in Spellcasting
  3906 | D:5      | Reached XP level 8. HP: 20/61 MP: 0/0
  3906 | D:5      | Reached XP level 9. HP: 21/66 MP: 0/0
  3906 | D:5      | Learned a level 3 spell: Hailstorm
  4227 | D:5      | Found a runed translucent gate.
  4227 | D:5      | Found a runed translucent gate.
  4227 | D:5      | Found a runed translucent gate.
  4230 | D:5      | Noticed AKA's ghost (novice HOFi)
  4345 | D:5      | Found a burning altar of Makhleb.
  4602 | D:5      | Reached skill level 7 in Spellcasting
  5070 | D:2      | Killed Robin
  5205 | D:3      | Killed Crazy Yiuf
  5712 | D:5      | Identified the +1 chain mail of Resonance {rElec rF- rC+
                  | Will+++}
  6255 | D:6      | Reached skill level 8 in Spellcasting
  6327 | D:6      | Reached XP level 10. HP: 73/75 MP: 0/0
  6800 | D:6      | Found a staircase to the Ecumenical Temple.
  6886 | Temple   | Entered the Ecumenical Temple
  6943 | Temple   | Became a worshipper of Ashenzari the Shackled
  7020 | D:6      | Found a white marble altar of Elyvilon.
  7020 | D:6      | Found a sacrificial altar of Ru.
  7020 | D:6      | Found a glowing silver altar of Zin.
  8015 | D:7      | Reached skill level 1 in Shields
  8072 | D:7      | Reached skill level 9 in Spellcasting
  8702 | D:7      | Reached * piety under Ashenzari
  8776 | D:5      | Killed AKA's ghost
  9014 | D:8      | Reached skill level 5 in Dodging
  9194 | D:8      | Found a blossoming altar of Fedhas.
  9368 | D:8      | Reached skill level 5 in Armour
  9516 | D:8      | Noticed Maurice
  9544 | D:8      | Killed Maurice
  9545 | D:8      | Reached XP level 11. HP: 43/82 MP: 0/0
  9545 | D:8      | Learned a level 5 spell: Agony
  9703 | D:8      | Noticed Joseph
  9713 | D:8      | Reached skill level 1 in Evocations
  9713 | D:8      | Killed Joseph
 10280 | D:9      | Noticed Psyche
 10286 | D:9      | Killed Psyche
 10624 | D:9      | Found a bloodstained altar of Trog.
 11261 | D:10     | Entered Level 10 of the Dungeon
 11273 | D:10     | Reached ** piety under Ashenzari
 11300 | D:10     | Killed from afar by an acid dragon

Illustrated notes

Levels and vault maps discovered:
D:1:      ebering_trefoil_twist, layout_basic
D:2:      cheibrodos_greedy_goblins, layout_rooms, minmay_tromino_i2, uniq_robin
D:3:      layout_basic, uniq_crazy_yiuf_cottage
D:4:      layout_basic, old_standard_altar, nemelex_diamond_rough_becter
D:5:      cheibrodos_fzero, layout_basic, mainiacjoe_overflow_surrounded_room,
          portal_sewer_entry_b, biasface_ghost_orc_armoury
D:6:      nicolae_cairo_tiling_large_dashed, layout_basic,
          gammafunk_temple_overflow_forgotten, minmay_temple_entry_trees,
          serial_aquarium, aquarium_bridge_straight [aquarium_subvault_bridge,
          aquarium_subvault_window, aquarium_subvault_bridge,
          aquarium_subvault_window], aquarium_bridge_island_small
          [aquarium_subvault_small_water, aquarium_subvault_window,
          aquarium_subvault_bridge, aquarium_subvault_bridge,
          aquarium_subvault_wall], aquarium_window_fake, aquarium_window_1,
          aquarium_view_2e, aquarium_balcony_double_4
D:7:      nicolae_whirlpool, layout_cave_pods, minmay_fire_ice_demons
D:8:      layout_gridville, mainiacjoe_overflow_alcove_2, minmay_manual_mail,
          uniq_maurice, uniq_joseph
D:9:      layout_loops_cross, trog_hazing_becter, uniq_psyche
D:10:     layout_irregular_city
Temple:   zaba_magenta_temple

Skill      XL: |  1  2  3  4  5  6  7  8  9 10 11 |
---------------+----------------------------------+-----
Spellcasting   | 4 6 8 9 |  9.2
Fighting       | 1 2 6 7 |  7.5
Armour         | 1 2 4 5 6 |  6.2
Dodging        | 3 4 6 |  6.6
Shields        | 4 |  4.6
Evocations     | 4 |  4.4
Stealth        | |  1.5

Action                     |  1- 3 |  4- 6 |  7- 9 | 10-12 || total
---------------------------+-------+-------+-------+-------++-------
  Melee: Short sword       |    33 |    23 |    57 |    40 ||   153
         Punch             |       |       |     1 |       ||     1
   Cast: Summon Small Mamm |    45 |    27 |    22 |    29 ||   123
         Call Imp          |    17 |     9 |    10 |    11 ||    47
         Call Canine Famil |     7 |    12 |    13 |    15 ||    47
         Sting             |     3 |    13 |    22 |    12 ||    50
         Summon Guardian G |     1 |     2 |     7 |     7 ||    17
         Momentum Strike   |       |     8 |    13 |    17 ||    38
         Passwall          |       |       |     6 |       ||     6
         Hailstorm         |       |       |     5 |    25 ||    30
         Summon Lightning  |       |       |     1 |    16 ||    17
         Agony             |       |       |       |     1 ||     1
 Invoke: Curse Item        |       |       |       |     3 ||     3
    Use: Potion            |     1 |       |       |       ||     1
         Scroll            |       |       |     8 |     4 ||    12
   Stab: Distracted        |       |     1 |     2 |     1 ||     4
         Sleeping          |       |       |       |     1 ||     1
 Armour: Robe              |    20 |     2 |       |     8 ||    30
         Leather armour    |       |    20 |    39 |    29 ||    88
  Dodge: Dodged            |    58 |    27 |   103 |    53 ||   241
  Block: Kite shield       |       |       |       |    51 ||    51

Table legend: (Time is in decaauts)
 A = Elapsed time spent in this place.
 B = Non-inter-level travel time spent in this place.
 C = Inter-level travel time spent in this place.
 D = Time resting spent in this place.
 E = Time spent auto-exploring this place.
 F = Levels seen in this place.
 G = Mean time per level.
                   A        B        C        D        E       F      G
               +--------+--------+--------+--------+--------+-----+--------+
         Total |  11289 |  10281 |   1008 |     36 |   8100 |  11 | 1026.3 |
       Dungeon |  11214 |  10223 |    991 |     36 |   8050 |  10 | 1121.4 |
        Temple |     74 |     57 |     17 |      0 |     50 |   1 |   74.0 |
               +--------+--------+--------+--------+--------+-----+--------+

Top non-repeatable levels by time:
     D:5: 1754 daAuts
     D:7: 1680 daAuts
     D:3: 1420 daAuts
     D:4: 1185 daAuts
     D:6: 1180 daAuts
     D:8: 1106 daAuts
     D:9: 996 daAuts
     D:1: 981 daAuts
     D:2: 869 daAuts
  Temple: 74 daAuts
    D:10: 38 daAuts
